[ AOE2 MATCH · #467333052 ]
UnrankedKhitans vs Italians
[ REPLAY ANALYSIS · EXTRACTED FROM THE RECORDED GAME ]
Feudal
16:42
Castle
—
Imperial
—
| APM avg | 11.4 |
| APM peak | 26 |
| eAPM avg | 7.5 |
| Villagers / military | 41 / 34 |
Focus
⚔️ 29.1% · 🌾 70.9%
Militia ×24 · Skirmisher ×9 · Fishing Ship ×4 · Demolition Raft ×1
Feudal
15:17
Castle
19:14
Imperial
—
| APM avg | 22.8 |
| APM peak | 40 |
| eAPM avg | 16.1 |
| Villagers / military | 87 / 0 |
Focus
⚔️ 28.6% · 🌾 71.4%
Feudal
13:57
Castle
22:19
Imperial
—
| APM avg | 25.1 |
| APM peak | 42 |
| eAPM avg | 14.1 |
| Villagers / military | 66 / 28 |
Focus
⚔️ 35.0% · 🌾 65.0%
Archer ×16 · Fishing Ship ×10 · Galley ×8 · Unknown (2626) ×5 · Monk ×2 · Mangonel ×2
Feudal
16:32
Castle
—
Imperial
—
| APM avg | 26.6 |
| APM peak | 52 |
| eAPM avg | 17.2 |
| Villagers / military | 58 / 25 |
Focus
⚔️ 30.3% · 🌾 69.7%
Archer ×19 · Fishing Ship ×8 · Militia ×4 · Spearman ×2
Feudal
14:16
Castle
18:40
Imperial
—
| APM avg | 25.7 |
| APM peak | 52 |
| eAPM avg | 14.0 |
| Villagers / military | 61 / 35 |
Focus
⚔️ 27.4% · 🌾 72.6%
Fire Galley ×18 · Knight ×16 · Fishing Ship ×14 · Battle Elephant ×1
Feudal
14:30
Castle
21:39
Imperial
—
| APM avg | 11.4 |
| APM peak | 26 |
| eAPM avg | 7.6 |
| Villagers / military | 31 / 6 |
Focus
⚔️ 23.0% · 🌾 77.0%
Fishing Ship ×11 · Unknown (2626) ×6 · Fire Galley ×4 · Galley ×2
Feudal
13:02
Castle
17:35
Imperial
—
| APM avg | 28.4 |
| APM peak | 47 |
| eAPM avg | 15.2 |
| Villagers / military | 76 / 15 |
Focus
⚔️ 15.2% · 🌾 84.8%
Fishing Ship ×22 · War Wagon ×15
Feudal
14:56
Castle
19:41
Imperial
—
| APM avg | 25.8 |
| APM peak | 94 |
| eAPM avg | 6.5 |
| Villagers / military | 28 / 0 |
Focus
⚔️ 2.6% · 🌾 97.4%
Fishing Ship ×9
Match map
Initial resources + every placement click. Lines = walls · curves = elevation contours. ◆ gold · ⬟ stone · ● berries · ✦ relic · ◌ wall gap
Inputs per minute
— Bayezid IV - - adriancornejo84
Build order — Bayezid IV
107 actions detected in the replay
| 2:03 | Build | Town Center |
| 3:29 | Build | House |
| 3:44 | Build | Mill |
| 4:29 | Build | House |
| 4:30 | Create | Villager (Male) ×4 |
| 5:06 | Build | House |
| 6:19 | Create | Villager (Male) |
| 6:19 | Create | Villager (Male) |
| 6:23 | Create | Villager (Male) |
| 6:35 | Create | Villager (Male) |
| 7:06 | Create | Villager (Male) |
| 7:29 | Create | Villager (Male) |
| 8:00 | Create | Villager (Male) |
| 8:19 | Create | Villager (Male) |
| 9:34 | Create | Villager (Male) |
| 9:50 | Create | Villager (Male) |
| 10:00 | Build | Mill |
| 10:16 | Create | Villager (Male) |
| 10:30 | Create | Villager (Male) |
| 10:43 | Build | House |
| 10:45 | Build | Barracks |
| 10:58 | Create | Villager (Male) |
| 11:33 | Create | Villager (Male) |
| 11:33 | Create | Villager (Male) |
| 11:49 | Create | Villager (Male) |
| 12:24 | Build | Lumber Camp |
| 12:35 | Create | Villager (Male) |
| 12:37 | Create | Villager (Male) |
| 13:34 | Build | Mining Camp |
| 13:37 | Create | Villager (Male) |
| 13:54 | Build | Dock |
| 13:59 | Build | House |
| 14:06 | Create | Villager (Male) |
| 14:13 | Build | House |
| 14:22 | Create | Villager (Male) |
| 14:32 | Research | Feudal Age |
| 14:35 | Research | Loom |
| 14:53 | Build | Palisade Wall |
| 14:55 | Build | Palisade Wall |
| 14:58 | Build | Palisade Wall |
| 15:01 | Build | Palisade Wall |
| 15:08 | Create | Fishing Ship |
| 15:09 | Create | Fishing Ship |
| 15:20 | Build | House |
| 15:55 | Create | Militia |
| 15:56 | Create | Militia |
| 16:03 | Build | Barracks |
| 16:07 | Build | House |
| 16:42 | Age | Feudal Age |
| 16:47 | Create | Villager (Male) |
| 16:50 | Research | Man-at-Arms (upgrade) |
| 16:57 | Create | Villager (Male) |
| 17:01 | Create | Demolition Raft |
| 17:05 | Create | Fishing Ship |
| 17:09 | Create | Militia |
| 17:18 | Build | House |
| 17:23 | Build | Palisade Wall |
| 17:34 | Research | Tech 1014 |
| 17:37 | Create | Villager (Male) |
| 17:47 | Create | Fishing Ship |
| 18:32 | Build | Blacksmith |
| 18:47 | Build | House |
| 18:52 | Create | Villager (Male) |
| 18:53 | Create | Villager (Male) |
| 18:59 | Build | Pasture |
| 19:01 | Create | Villager (Male) |
| 19:02 | Create | Villager (Male) |
| 19:16 | Research | Forging |
| 19:26 | Build | Building 804 |
| 19:37 | Create | Militia |
| 19:44 | Build | Pasture |
| 19:49 | Build | Pasture |
| 19:57 | Build | House |
| 20:08 | Create | Militia ×2 |
| 20:18 | Create | Militia |
| 20:29 | Build | Pasture |
| 20:37 | Create | Villager (Male) |
| 20:38 | Create | Villager (Male) |
| 20:50 | Create | Militia |
| 21:06 | Build | Pasture |
| 21:10 | Create | Villager (Male) |
| 21:12 | Create | Militia ×3 |
| 21:44 | Create | Militia ×4 |
| 22:03 | Create | Militia ×2 |
| 22:15 | Build | Pasture |
| 22:17 | Build | Pasture |
| 22:22 | Create | Villager (Male) |
| 22:57 | Research | Scale Mail Armor |
| 23:01 | Build | Archery Range |
| 23:26 | Create | Militia ×3 |
| 23:28 | Create | Villager (Male) |
| 23:52 | Create | Militia |
| 23:55 | Create | Villager (Male) ×4 |
| 24:26 | Build | House |
| 24:26 | Build | House |
| 24:27 | Build | House |
| 24:27 | Build | House |
| 24:28 | Build | House |
| 24:28 | Build | House |
| 24:28 | Build | House |
| 24:31 | Create | Skirmisher ×4 |
| 25:48 | Build | House |
| 27:06 | Create | Skirmisher ×5 |
| 28:00 | Research | Castle Age |
| 28:08 | Research | Gold Mining |
| 28:11 | Research | Double-Bit Axe |
| 28:30 | Create | Militia ×3 |
Build order — adriancornejo84
First 150 of 185 actions detected
| 1:15 | Build | Town Center |
| 1:35 | Build | House |
| 3:04 | Create | Villager (Male) |
| 3:05 | Create | Villager (Male) |
| 3:05 | Create | Villager (Male) |
| 3:05 | Create | Villager (Male) |
| 3:05 | Create | Villager (Male) |
| 4:09 | Create | Villager (Male) |
| 5:12 | Create | Villager (Male) |
| 5:13 | Create | Villager (Male) |
| 5:13 | Create | Villager (Male) |
| 5:29 | Build | House |
| 5:44 | Create | Villager (Male) |
| 5:44 | Create | Villager (Male) |
| 6:20 | Build | House |
| 6:36 | Build | House |
| 6:45 | Create | Villager (Male) |
| 6:45 | Create | Villager (Male) |
| 6:58 | Create | Villager (Male) |
| 6:58 | Create | Villager (Male) |
| 7:16 | Build | House |
| 7:47 | Create | Villager (Male) |
| 7:55 | Build | House |
| 8:24 | Create | Villager (Male) |
| 8:32 | Build | Palisade Wall |
| 8:34 | Create | Villager (Male) |
| 8:42 | Create | Villager (Male) |
| 8:55 | Create | Villager (Male) |
| 9:08 | Build | Mill |
| 9:16 | Create | Villager (Male) |
| 9:32 | Create | Villager (Male) |
| 9:42 | Build | Mill |
| 9:48 | Create | Villager (Male) |
| 10:37 | Build | House |
| 10:40 | Build | Palisade Wall |
| 11:23 | Create | Villager (Male) |
| 11:24 | Create | Villager (Male) |
| 12:11 | Create | Villager (Male) |
| 12:16 | Build | House |
| 12:29 | Research | Loom |
| 12:32 | Build | Lumber Camp |
| 12:55 | Research | Feudal Age |
| 13:51 | Build | Mining Camp |
| 14:23 | Build | House |
| 14:24 | Build | House |
| 14:51 | Create | Villager (Male) |
| 15:17 | Age | Feudal Age |
| 15:20 | Build | Market |
| 15:26 | Build | Blacksmith |
| 15:34 | Create | Villager (Male) |
| 15:36 | Research | Double-Bit Axe |
| 16:09 | Create | Villager (Male) |
| 16:13 | Research | Horse Collar |
| 16:17 | Research | Castle Age |
| 16:18 | Research | Castle Age |
| 16:20 | Build | House |
| 16:23 | Build | Palisade Wall |
| 16:31 | Build | Palisade Wall |
| 16:41 | Build | Palisade Wall |
| 18:49 | Create | Villager (Male) |
| 18:49 | Create | Villager (Male) |
| 19:14 | Age | Castle Age |
| 19:28 | Build | Town Center |
| 19:33 | Build | Town Center |
| 19:43 | Create | Villager (Male) |
| 19:47 | Research | Bow Saw |
| 19:51 | Research | Heavy Plow |
| 20:44 | Build | Farm |
| 20:44 | Build | Farm |
| 20:44 | Build | Farm |
| 20:45 | Build | Farm |
| 20:45 | Build | Farm |
| 20:45 | Build | Farm |
| 20:45 | Build | Farm |
| 20:45 | Build | Farm |
| 20:57 | Build | Mill |
| 20:58 | Build | Farm |
| 20:58 | Build | Farm |
| 20:58 | Build | Farm |
| 20:58 | Build | Farm |
| 21:12 | Build | House |
| 21:14 | Build | House |
| 21:21 | Build | Stone Wall |
| 21:29 | Build | Stone Wall |
| 21:41 | Build | Farm |
| 21:42 | Build | Farm |
| 21:42 | Build | Farm |
| 21:42 | Build | Farm |
| 21:42 | Build | Farm |
| 21:43 | Build | Farm |
| 21:43 | Build | Farm |
| 21:43 | Build | Farm |
| 21:43 | Build | Farm |
| 22:00 | Build | Stone Wall |
| 22:04 | Build | Stone Wall |
| 22:05 | Build | Stone Wall |
| 22:06 | Build | Stone Wall |
| 22:12 | Build | Stone Wall |
| 22:12 | Build | Stone Wall |
| 22:16 | Build | Stone Wall |
| 22:20 | Build | Stone Wall |
| 22:28 | Build | Stone Wall |
| 22:36 | Create | Villager (Male) |
| 22:37 | Create | Villager (Male) |
| 22:39 | Create | Villager (Male) |
| 22:39 | Create | Villager (Male) |
| 22:45 | Create | Villager (Male) |
| 22:46 | Create | Villager (Male) |
| 22:46 | Create | Villager (Male) |
| 22:55 | Build | Stone Wall |
| 23:01 | Create | Villager (Male) |
| 23:06 | Create | Villager (Male) |
| 23:07 | Create | Villager (Male) |
| 23:21 | Build | Farm |
| 23:26 | Build | Farm |
| 23:27 | Create | Villager (Male) |
| 23:32 | Create | Villager (Male) |
| 23:32 | Create | Villager (Male) |
| 23:47 | Create | Villager (Male) |
| 23:56 | Create | Villager (Male) |
| 23:58 | Create | Villager (Male) |
| 23:58 | Create | Villager (Male) |
| 24:14 | Create | Villager (Male) |
| 24:14 | Create | Villager (Male) |
| 24:14 | Create | Villager (Male) |
| 24:17 | Build | Stone Wall |
| 24:29 | Create | Villager (Male) |
| 24:29 | Create | Villager (Male) |
| 24:38 | Build | Town Center |
| 24:43 | Create | Villager (Male) |
| 24:44 | Create | Villager (Male) |
| 24:44 | Create | Villager (Male) |
| 24:53 | Build | House |
| 24:54 | Build | House |
| 24:57 | Build | House |
| 24:59 | Build | House |
| 25:11 | Create | Villager (Male) |
| 25:11 | Create | Villager (Male) |
| 25:12 | Create | Villager (Male) |
| 25:20 | Build | Stone Wall |
| 25:25 | Build | Lumber Camp |
| 25:32 | Create | Villager (Male) |
| 25:57 | Create | Villager (Male) |
| 25:57 | Create | Villager (Male) |
| 26:08 | Create | Villager (Male) |
| 26:08 | Create | Villager (Male) |
| 26:14 | Build | House |
| 26:16 | Build | House |
| 26:17 | Create | Villager (Male) |
| 26:18 | Create | Villager (Male) |
Build order — Carot
First 150 of 161 actions detected
| 0:50 | Build | Town Center |
| 2:01 | Build | Dock |
| 2:04 | Build | House |
| 2:34 | Build | Palisade Wall |
| 2:36 | Build | Palisade Wall |
| 3:00 | Create | Villager (Male) |
| 3:00 | Create | Villager (Male) |
| 3:01 | Create | Villager (Male) |
| 3:02 | Create | Villager (Male) |
| 3:02 | Create | Villager (Male) |
| 4:21 | Create | Fishing Ship |
| 4:29 | Build | House |
| 4:38 | Research | Loom |
| 5:16 | Create | Villager (Male) |
| 5:17 | Create | Fishing Ship |
| 5:46 | Create | Villager (Male) |
| 5:50 | Create | Fishing Ship |
| 6:13 | Create | Villager (Male) |
| 6:32 | Build | House |
| 6:41 | Create | Villager (Male) |
| 6:47 | Create | Fishing Ship |
| 7:10 | Create | Villager (Male) |
| 7:10 | Create | Villager (Male) |
| 7:19 | Create | Fishing Ship |
| 7:22 | Create | Villager (Male) |
| 7:54 | Create | Villager (Male) |
| 7:54 | Create | Villager (Male) |
| 7:55 | Create | Fishing Ship |
| 8:25 | Build | House |
| 8:27 | Create | Villager (Male) |
| 8:27 | Create | Villager (Male) |
| 8:28 | Create | Villager (Male) |
| 9:04 | Create | Villager (Male) |
| 9:04 | Create | Villager (Male) |
| 9:05 | Create | Villager (Male) |
| 9:22 | Create | Fishing Ship |
| 9:39 | Create | Villager (Male) |
| 9:40 | Create | Fishing Ship |
| 10:03 | Build | House |
| 10:11 | Build | House |
| 10:14 | Create | Villager (Male) |
| 10:15 | Create | Villager (Male) |
| 10:25 | Create | Villager (Male) |
| 10:26 | Create | Villager (Male) |
| 10:26 | Create | Villager (Male) |
| 10:26 | Create | Villager (Male) |
| 10:27 | Create | Villager (Male) |
| 10:47 | Create | Villager (Male) |
| 10:49 | Create | Fishing Ship |
| 11:11 | Build | Lumber Camp |
| 11:27 | Create | Villager (Male) |
| 11:28 | Create | Villager (Male) |
| 11:36 | Research | Feudal Age |
| 12:15 | Create | Villager (Male) |
| 12:15 | Create | Villager (Male) |
| 12:33 | Build | Dock |
| 12:40 | Build | House |
| 12:42 | Build | Palisade Wall |
| 12:50 | Create | Fishing Ship |
| 13:31 | Build | House |
| 13:33 | Build | House |
| 13:35 | Build | Palisade Wall |
| 13:40 | Build | Building 804 |
| 13:54 | Create | Villager (Male) |
| 13:54 | Create | Villager (Male) |
| 13:57 | Age | Feudal Age |
| 14:00 | Research | Double-Bit Axe |
| 14:02 | Create | Unit 2626 |
| 14:06 | Create | Unit 2626 |
| 14:11 | Research | Tech 906 |
| 14:33 | Build | House |
| 14:36 | Build | House |
| 14:38 | Build | House |
| 14:40 | Build | Palisade Wall |
| 14:47 | Create | Unit 2626 |
| 15:06 | Create | Unit 2626 |
| 15:27 | Create | Galley |
| 15:42 | Create | Villager (Male) |
| 15:43 | Create | Villager (Male) |
| 15:43 | Create | Villager (Male) |
| 16:09 | Create | Unit 2626 |
| 16:13 | Create | Galley |
| 16:13 | Create | Galley |
| 16:23 | Build | Blacksmith |
| 16:24 | Build | House |
| 16:26 | Create | Villager (Male) |
| 16:27 | Create | Villager (Male) |
| 17:13 | Create | Galley |
| 17:14 | Create | Galley |
| 17:16 | Create | Villager (Male) |
| 17:17 | Create | Villager (Male) |
| 17:30 | Build | Barracks |
| 17:32 | Build | House |
| 17:37 | Create | Villager (Male) |
| 17:38 | Create | Villager (Male) |
| 18:18 | Build | Palisade Wall |
| 18:49 | Build | Archery Range |
| 18:56 | Create | Galley |
| 18:57 | Create | Galley |
| 18:58 | Create | Galley |
| 19:39 | Research | Castle Age |
| 19:40 | Create | Archer |
| 19:41 | Create | Archer |
| 19:41 | Create | Archer |
| 19:41 | Create | Archer |
| 19:41 | Create | Archer |
| 19:46 | Build | House |
| 19:48 | Build | House |
| 19:51 | Create | Villager (Male) |
| 19:52 | Create | Villager (Male) |
| 20:50 | Create | Villager (Male) |
| 20:50 | Create | Villager (Male) |
| 21:21 | Build | Mining Camp |
| 21:24 | Create | Archer |
| 21:24 | Create | Archer |
| 21:25 | Create | Archer |
| 21:25 | Create | Archer |
| 21:28 | Research | Fletching |
| 21:29 | Research | Padded Archer Armor |
| 22:19 | Age | Castle Age |
| 22:21 | Build | Town Center |
| 22:23 | Research | Bow Saw |
| 22:34 | Build | Town Center |
| 22:39 | Research | Crossbowman (upgrade) |
| 22:42 | Build | Monastery |
| 22:56 | Build | Lumber Camp |
| 23:03 | Research | Gold Mining |
| 23:06 | Research | Stone Mining |
| 23:26 | Build | Siege Workshop |
| 23:29 | Create | Monk |
| 23:29 | Create | Monk |
| 23:33 | Research | Sanctity |
| 23:49 | Research | Gillnets |
| 23:51 | Research | War Galley (upgrade) |
| 24:51 | Create | Villager (Male) |
| 24:51 | Create | Villager (Male) |
| 24:52 | Create | Villager (Male) |
| 24:52 | Create | Villager (Male) |
| 24:52 | Create | Villager (Male) |
| 24:54 | Create | Mangonel |
| 24:55 | Create | Mangonel |
| 25:11 | Create | Archer ×5 |
| 26:04 | Create | Villager (Male) |
| 26:05 | Create | Villager (Male) |
| 26:05 | Create | Villager (Male) |
| 26:05 | Create | Villager (Male) |
| 26:13 | Create | Archer |
| 26:13 | Create | Archer |
| 26:15 | Create | Villager (Male) |
| 26:15 | Create | Villager (Male) |
Build order — Kristoffer
First 150 of 159 actions detected
| 0:07 | Build | Town Center |
| 1:19 | Build | Dock |
| 2:27 | Create | Villager (Male) |
| 2:27 | Create | Villager (Male) |
| 2:28 | Create | Villager (Male) |
| 2:28 | Create | Villager (Male) |
| 3:21 | Build | House |
| 4:00 | Create | Villager (Male) |
| 4:01 | Create | Villager (Male) |
| 4:18 | Create | Villager (Male) |
| 4:18 | Create | Villager (Male) |
| 5:04 | Create | Villager (Male) |
| 5:04 | Create | Villager (Male) |
| 5:05 | Create | Villager (Male) |
| 5:26 | Create | Villager (Male) |
| 5:27 | Create | Villager (Male) |
| 5:48 | Create | Villager (Male) |
| 5:48 | Create | Villager (Male) |
| 5:49 | Create | Villager (Male) |
| 6:00 | Build | House |
| 6:23 | Create | Villager (Male) |
| 6:24 | Create | Villager (Male) |
| 7:02 | Create | Villager (Male) |
| 7:02 | Create | Villager (Male) |
| 7:17 | Create | Villager (Male) |
| 7:20 | Build | House |
| 7:27 | Create | Fishing Ship |
| 8:36 | Create | Fishing Ship |
| 8:51 | Create | Villager (Male) |
| 9:23 | Build | House |
| 9:27 | Create | Fishing Ship |
| 9:41 | Create | Villager (Male) |
| 9:41 | Create | Villager (Male) |
| 9:55 | Build | Dock |
| 10:32 | Create | Fishing Ship |
| 10:36 | Create | Villager (Male) |
| 10:36 | Create | Villager (Male) |
| 11:13 | Create | Villager (Male) |
| 11:13 | Create | Villager (Male) |
| 11:31 | Build | House |
| 11:33 | Build | Palisade Wall |
| 11:37 | Build | Palisade Wall |
| 11:39 | Build | Palisade Wall |
| 11:40 | Build | Palisade Wall |
| 11:48 | Build | Palisade Wall |
| 11:49 | Build | Palisade Wall |
| 11:53 | Build | Palisade Wall |
| 11:54 | Build | Palisade Wall |
| 12:07 | Create | Fishing Ship |
| 12:17 | Build | Lumber Camp |
| 12:18 | Create | Villager (Male) |
| 12:19 | Create | Villager (Male) |
| 12:42 | Create | Villager (Male) |
| 12:42 | Create | Villager (Male) |
| 12:43 | Create | Villager (Male) |
| 12:43 | Create | Villager (Male) |
| 12:57 | Create | Villager (Male) |
| 13:05 | Create | Fishing Ship |
| 13:06 | Create | Fishing Ship |
| 13:40 | Build | Mill |
| 13:42 | Create | Villager (Male) |
| 13:51 | Build | House |
| 13:57 | Research | Loom |
| 13:58 | Research | Feudal Age |
| 14:20 | Create | Villager (Male) |
| 14:34 | Create | Villager (Male) |
| 14:36 | Create | Villager (Male) |
| 14:47 | Create | Fishing Ship |
| 15:57 | Build | Barracks |
| 16:01 | Build | Farm |
| 16:02 | Build | Farm |
| 16:08 | Build | Farm |
| 16:18 | Create | Villager (Male) |
| 16:18 | Create | Villager (Male) |
| 16:30 | Build | Farm |
| 16:32 | Age | Feudal Age |
| 16:40 | Create | Militia |
| 16:40 | Create | Militia |
| 16:41 | Create | Militia |
| 16:55 | Create | Villager (Male) |
| 16:59 | Research | Double-Bit Axe |
| 16:59 | Research | Double-Bit Axe |
| 17:27 | Build | House |
| 18:04 | Build | Town Center |
| 18:13 | Build | Mining Camp |
| 18:28 | Create | Villager (Male) |
| 18:35 | Create | Villager (Male) |
| 18:39 | Build | Farm |
| 18:41 | Build | Farm |
| 19:21 | Create | Villager (Male) |
| 19:27 | Create | Villager (Male) |
| 19:46 | Create | Villager (Male) |
| 19:49 | Create | Villager (Male) |
| 19:49 | Create | Villager (Male) |
| 19:55 | Research | Horse Collar |
| 19:55 | Research | Horse Collar |
| 20:02 | Build | Farm |
| 20:03 | Build | Farm |
| 20:04 | Build | Farm |
| 20:08 | Build | Farm |
| 20:11 | Create | Villager (Male) |
| 20:11 | Create | Villager (Male) |
| 20:11 | Create | Villager (Male) |
| 20:14 | Create | Spearman |
| 20:14 | Create | Spearman |
| 20:33 | Build | Archery Range |
| 20:52 | Create | Villager (Male) |
| 21:00 | Create | Archer |
| 21:00 | Create | Archer |
| 21:13 | Build | Archery Range |
| 21:21 | Build | Blacksmith |
| 21:23 | Create | Archer |
| 21:27 | Create | Militia |
| 21:36 | Create | Villager (Male) |
| 21:36 | Create | Villager (Male) |
| 21:39 | Create | Archer |
| 21:55 | Build | Farm |
| 21:56 | Build | Farm |
| 21:57 | Build | Farm |
| 21:58 | Build | Farm |
| 22:03 | Build | Farm |
| 22:06 | Build | Farm |
| 22:12 | Create | Archer |
| 22:12 | Create | Archer |
| 22:17 | Research | Fletching |
| 22:45 | Create | Archer |
| 22:46 | Create | Archer |
| 23:22 | Create | Archer |
| 23:22 | Create | Archer |
| 23:50 | Create | Archer |
| 23:50 | Create | Archer |
| 24:14 | Build | House |
| 24:16 | Build | House |
| 24:27 | Build | Lumber Camp |
| 24:32 | Build | House |
| 24:49 | Create | Archer |
| 24:49 | Create | Archer |
| 24:50 | Create | Archer |
| 25:27 | Build | Palisade Wall |
| 25:30 | Create | Archer |
| 25:31 | Create | Archer |
| 25:36 | Build | Palisade Wall |
| 25:54 | Build | Market |
| 26:32 | Build | Mill |
| 26:47 | Create | Archer |
| 26:52 | Build | Palisade Wall |
| 26:57 | Build | Palisade Wall |
| 27:37 | Create | Archer |
| 27:43 | Research | Castle Age |
| 27:43 | Research | Castle Age |
Build order — 帅气的孔
First 150 of 180 actions detected
| 0:08 | Build | Town Center |
| 1:35 | Build | Dock |
| 1:37 | Build | House |
| 2:35 | Create | Villager (Male) |
| 2:36 | Create | Villager (Male) |
| 2:36 | Create | Villager (Male) |
| 2:36 | Create | Villager (Male) |
| 2:37 | Create | Villager (Male) |
| 4:19 | Create | Fishing Ship |
| 4:30 | Build | House |
| 4:34 | Research | Loom |
| 5:02 | Create | Fishing Ship |
| 5:10 | Create | Villager (Male) |
| 5:10 | Create | Villager (Male) |
| 5:38 | Create | Villager (Male) |
| 5:39 | Create | Villager (Male) |
| 5:53 | Create | Villager (Male) |
| 6:19 | Create | Fishing Ship |
| 6:22 | Create | Villager (Male) |
| 6:23 | Create | Villager (Male) |
| 6:23 | Create | Villager (Male) |
| 6:42 | Build | House |
| 6:49 | Create | Villager (Male) |
| 6:51 | Create | Villager (Male) |
| 7:49 | Build | Mill |
| 7:52 | Create | Villager (Male) |
| 8:01 | Build | House |
| 8:35 | Create | Fishing Ship |
| 8:36 | Create | Villager (Male) |
| 8:47 | Create | Villager (Male) |
| 8:47 | Create | Villager (Male) |
| 8:48 | Create | Villager (Male) |
| 8:48 | Create | Villager (Male) |
| 8:48 | Create | Villager (Male) |
| 8:51 | Build | Lumber Camp |
| 9:06 | Create | Fishing Ship |
| 9:06 | Create | Fishing Ship |
| 9:31 | Build | House |
| 9:47 | Create | Villager (Male) |
| 9:47 | Create | Villager (Male) |
| 9:47 | Create | Villager (Male) |
| 9:47 | Create | Villager (Male) |
| 10:05 | Create | Fishing Ship |
| 10:08 | Create | Fishing Ship |
| 10:51 | Create | Fishing Ship |
| 10:55 | Build | House |
| 11:03 | Build | House |
| 11:16 | Create | Villager (Male) |
| 11:38 | Build | House |
| 12:06 | Research | Feudal Age |
| 12:06 | Research | Feudal Age |
| 12:08 | Create | Fishing Ship |
| 12:46 | Build | Mining Camp |
| 13:06 | Build | Dock |
| 13:43 | Create | Fishing Ship |
| 13:47 | Create | Fishing Ship |
| 13:56 | Build | Mining Camp |
| 14:02 | Create | Fishing Ship |
| 14:02 | Create | Fishing Ship |
| 14:06 | Build | House |
| 14:07 | Build | House |
| 14:16 | Age | Feudal Age |
| 14:25 | Create | Villager (Male) |
| 14:26 | Create | Villager (Male) |
| 14:51 | Build | Stable |
| 14:53 | Create | Villager (Male) |
| 15:12 | Build | House |
| 15:33 | Create | Fire Galley |
| 15:36 | Create | Villager (Male) |
| 15:54 | Build | House |
| 16:00 | Research | Castle Age |
| 16:00 | Research | Castle Age |
| 16:14 | Create | Fire Galley |
| 16:14 | Create | Fire Galley |
| 16:14 | Create | Fire Galley |
| 16:29 | Build | House |
| 16:34 | Research | Double-Bit Axe |
| 16:34 | Research | Double-Bit Axe |
| 16:43 | Create | Fire Galley |
| 16:43 | Create | Fire Galley |
| 16:56 | Create | Villager (Male) |
| 16:59 | Create | Villager (Male) |
| 17:02 | Build | House |
| 17:02 | Build | House |
| 17:59 | Create | Fire Galley |
| 17:59 | Create | Fire Galley |
| 18:25 | Build | House |
| 18:29 | Create | Fire Galley |
| 18:30 | Create | Fire Galley |
| 18:35 | Create | Villager (Male) |
| 18:40 | Age | Castle Age |
| 18:52 | Build | Town Center |
| 19:06 | Create | Villager (Male) |
| 19:11 | Create | Battle Elephant |
| 19:15 | Create | Knight |
| 19:23 | Build | Lumber Camp |
| 19:23 | Research | Bow Saw |
| 19:29 | Create | Fire Galley |
| 19:29 | Create | Fire Galley |
| 19:54 | Create | Knight |
| 20:09 | Create | Villager (Male) |
| 20:26 | Create | Villager (Male) |
| 20:27 | Create | Villager (Male) |
| 20:29 | Create | Knight |
| 20:33 | Build | Blacksmith |
| 20:43 | Create | Villager (Male) |
| 20:59 | Create | Fire Galley |
| 20:59 | Create | Fire Galley |
| 21:26 | Create | Villager (Male) |
| 21:27 | Create | Villager (Male) |
| 21:42 | Create | Villager (Male) |
| 21:42 | Create | Villager (Male) |
| 21:58 | Create | Villager (Male) |
| 21:58 | Create | Villager (Male) |
| 22:33 | Create | Knight |
| 22:41 | Build | Farm |
| 22:44 | Build | Farm |
| 22:44 | Create | Villager (Male) |
| 22:45 | Create | Villager (Male) |
| 22:47 | Build | Farm |
| 22:48 | Build | Farm |
| 22:49 | Build | Farm |
| 22:50 | Build | Farm |
| 22:53 | Build | Farm |
| 22:55 | Build | Farm |
| 23:00 | Create | Villager (Male) |
| 23:00 | Create | Villager (Male) |
| 23:20 | Create | Fire Galley |
| 23:20 | Create | Fire Galley |
| 23:33 | Build | Dock |
| 23:58 | Research | Fletching |
| 24:00 | Research | Padded Archer Armor |
| 24:29 | Create | Fire Galley |
| 24:29 | Create | Fire Galley |
| 24:35 | Create | Knight |
| 24:55 | Create | Villager (Male) |
| 24:55 | Create | Villager (Male) |
| 25:06 | Build | Castle |
| 25:13 | Create | Villager (Male) |
| 25:13 | Create | Villager (Male) |
| 25:20 | Create | Knight |
| 25:28 | Build | Farm |
| 25:29 | Build | Farm |
| 25:30 | Build | Farm |
| 25:31 | Build | Farm |
| 25:32 | Build | Farm |
| 25:58 | Create | Villager (Male) |
| 25:58 | Create | Villager (Male) |
| 26:01 | Create | Knight |
| 26:01 | Create | Knight |
Build order — Arigatomas
94 actions detected in the replay
| 0:29 | Build | Town Center |
| 1:30 | Build | House |
| 2:11 | Build | House |
| 3:00 | Build | Dock |
| 3:05 | Create | Villager (Male) |
| 3:06 | Create | Villager (Male) |
| 3:06 | Create | Villager (Male) |
| 3:06 | Create | Villager (Male) |
| 5:00 | Create | Fishing Ship |
| 5:00 | Create | Fishing Ship |
| 5:34 | Create | Villager (Male) |
| 5:44 | Create | Fishing Ship |
| 5:51 | Build | House |
| 6:12 | Create | Fishing Ship |
| 6:39 | Create | Villager (Male) |
| 7:12 | Create | Villager (Male) |
| 7:13 | Create | Fishing Ship |
| 7:51 | Create | Villager (Male) |
| 7:54 | Create | Fishing Ship |
| 8:02 | Build | House |
| 8:11 | Create | Villager (Male) |
| 8:22 | Create | Villager (Male) |
| 8:26 | Create | Fishing Ship |
| 8:45 | Build | Palisade Wall |
| 8:50 | Create | Villager (Male) |
| 9:01 | Create | Villager (Male) |
| 9:29 | Create | Villager (Male) |
| 9:36 | Create | Fishing Ship |
| 9:46 | Create | Villager (Male) |
| 10:12 | Create | Villager (Male) |
| 10:38 | Build | House |
| 10:47 | Build | Palisade Wall |
| 10:50 | Create | Villager (Male) |
| 10:59 | Create | Villager (Male) |
| 11:07 | Build | House |
| 11:18 | Build | House |
| 11:42 | Build | Lumber Camp |
| 11:59 | Build | House |
| 12:08 | Build | Palisade Wall |
| 12:20 | Research | Feudal Age |
| 12:33 | Build | Palisade Wall |
| 12:41 | Build | Palisade Wall |
| 12:53 | Build | Palisade Wall |
| 12:56 | Create | Villager (Male) |
| 12:57 | Create | Villager (Male) |
| 13:08 | Build | Mining Camp |
| 13:31 | Build | Dock |
| 13:40 | Build | Palisade Wall |
| 14:04 | Create | Villager (Male) |
| 14:30 | Age | Feudal Age |
| 14:33 | Build | Blacksmith |
| 15:36 | Create | Villager (Male) |
| 15:50 | Build | Mill |
| 16:04 | Create | Villager (Male) |
| 16:07 | Research | Loom |
| 16:08 | Create | Villager (Male) |
| 16:19 | Create | Fishing Ship |
| 16:24 | Create | Unit 2626 |
| 16:45 | Build | Palisade Wall |
| 17:31 | Create | Villager (Male) |
| 17:43 | Build | Market |
| 18:25 | Build | Palisade Wall |
| 18:34 | Create | Villager (Male) |
| 18:44 | Build | Palisade Wall |
| 18:57 | Research | Castle Age |
| 19:02 | Research | Horse Collar |
| 19:03 | Research | Double-Bit Axe |
| 19:12 | Create | Unit 2626 |
| 19:58 | Create | Unit 2626 |
| 19:58 | Create | Unit 2626 |
| 20:40 | Create | Villager (Male) |
| 20:41 | Create | Villager (Male) |
| 20:59 | Create | Unit 2626 |
| 21:00 | Create | Unit 2626 |
| 21:03 | Create | Fire Galley |
| 21:04 | Create | Fire Galley |
| 21:39 | Age | Castle Age |
| 21:43 | Create | Fire Galley |
| 21:43 | Create | Fire Galley |
| 21:47 | Create | Villager (Male) |
| 22:44 | Create | Fishing Ship |
| 22:44 | Create | Fishing Ship |
| 22:53 | Create | Galley |
| 22:54 | Create | Galley |
| 22:58 | Create | Villager (Male) |
| 23:04 | Build | Town Center |
| 23:46 | Build | Mining Camp |
| 23:50 | Create | Villager (Male) |
| 23:50 | Create | Villager (Male) |
| 23:55 | Build | House |
| 23:57 | Build | House |
| 23:58 | Build | House |
| 24:07 | Build | House |
| 24:09 | Build | House |
Build order — 我种田你顶住
First 150 of 184 actions detected
| 0:12 | Build | Town Center |
| 1:43 | Build | Dock |
| 1:44 | Build | House |
| 2:36 | Create | Villager (Male) |
| 2:36 | Create | Villager (Male) |
| 2:36 | Create | Villager (Male) |
| 2:37 | Create | Villager (Male) |
| 2:37 | Create | Villager (Male) |
| 2:37 | Create | Villager (Male) |
| 3:44 | Create | Fishing Ship |
| 4:20 | Create | Villager (Male) |
| 4:21 | Create | Villager (Male) |
| 4:39 | Build | House |
| 4:48 | Create | Villager (Male) |
| 4:48 | Create | Villager (Male) |
| 4:48 | Create | Villager (Male) |
| 5:15 | Create | Villager (Male) |
| 5:16 | Create | Villager (Male) |
| 5:31 | Create | Fishing Ship |
| 5:31 | Create | Fishing Ship |
| 5:31 | Create | Fishing Ship |
| 5:39 | Create | Villager (Male) |
| 5:39 | Create | Villager (Male) |
| 5:55 | Create | Villager (Male) |
| 6:05 | Build | House |
| 6:24 | Create | Villager (Male) |
| 6:24 | Create | Villager (Male) |
| 6:36 | Create | Fishing Ship |
| 6:36 | Create | Fishing Ship |
| 6:41 | Create | Villager (Male) |
| 6:41 | Create | Villager (Male) |
| 6:54 | Create | Villager (Male) |
| 6:54 | Create | Villager (Male) |
| 7:22 | Create | Villager (Male) |
| 7:22 | Create | Villager (Male) |
| 7:25 | Create | Fishing Ship |
| 7:26 | Create | Fishing Ship |
| 7:26 | Create | Fishing Ship |
| 7:31 | Create | Villager (Male) |
| 7:31 | Create | Villager (Male) |
| 7:43 | Build | House |
| 7:46 | Build | House |
| 8:02 | Create | Villager (Male) |
| 8:03 | Create | Villager (Male) |
| 8:13 | Create | Villager (Male) |
| 8:13 | Create | Fishing Ship |
| 8:14 | Create | Fishing Ship |
| 8:14 | Create | Fishing Ship |
| 8:15 | Create | Villager (Male) |
| 8:15 | Create | Villager (Male) |
| 9:00 | Create | Fishing Ship |
| 9:30 | Create | Villager (Male) |
| 9:34 | Build | Mill |
| 9:56 | Create | Villager (Male) |
| 10:07 | Create | Fishing Ship |
| 10:07 | Create | Fishing Ship |
| 10:07 | Create | Fishing Ship |
| 10:51 | Research | Feudal Age |
| 10:51 | Research | Feudal Age |
| 11:05 | Build | Mining Camp |
| 11:23 | Build | Mining Camp |
| 12:14 | Build | House |
| 12:16 | Build | House |
| 12:36 | Create | Villager (Male) |
| 12:36 | Create | Villager (Male) |
| 13:02 | Age | Feudal Age |
| 13:12 | Build | Market |
| 13:27 | Build | House |
| 13:55 | Create | Villager (Male) |
| 14:05 | Build | Blacksmith |
| 14:24 | Create | Villager (Male) |
| 14:55 | Research | Castle Age |
| 14:55 | Research | Castle Age |
| 15:01 | Build | Lumber Camp |
| 15:25 | Research | Double-Bit Axe |
| 15:26 | Research | Double-Bit Axe |
| 15:28 | Research | Fletching |
| 15:28 | Research | Fletching |
| 17:04 | Create | Villager (Male) |
| 17:04 | Create | Villager (Male) |
| 17:35 | Age | Castle Age |
| 17:40 | Build | Castle |
| 17:45 | Research | Bodkin Arrow |
| 17:46 | Create | Villager (Male) |
| 17:46 | Create | Villager (Male) |
| 17:48 | Research | Bow Saw |
| 17:49 | Research | Bow Saw |
| 17:57 | Create | Fishing Ship |
| 17:58 | Research | Tech 906 |
| 18:05 | Build | Lumber Camp |
| 18:20 | Create | Villager (Male) |
| 18:20 | Create | Villager (Male) |
| 18:43 | Create | War Wagon |
| 19:08 | Create | War Wagon |
| 19:08 | Create | War Wagon |
| 19:28 | Create | War Wagon |
| 19:38 | Create | Villager (Male) |
| 19:43 | Research | Gillnets |
| 19:49 | Create | War Wagon |
| 20:22 | Build | Town Center |
| 20:29 | Create | War Wagon |
| 20:41 | Build | Mining Camp |
| 21:01 | Create | War Wagon |
| 21:41 | Create | Villager (Male) |
| 21:41 | Create | Villager (Male) |
| 21:42 | Create | Villager (Male) |
| 21:42 | Create | Villager (Male) |
| 21:42 | Create | Villager (Male) |
| 21:42 | Create | Villager (Male) |
| 21:48 | Build | Dock |
| 22:00 | Create | War Wagon |
| 22:03 | Research | Gold Mining |
| 22:16 | Create | Villager (Male) |
| 22:16 | Create | Villager (Male) |
| 22:27 | Build | Town Center |
| 22:31 | Create | Villager (Male) |
| 22:31 | Create | Villager (Male) |
| 22:44 | Create | Fishing Ship |
| 23:03 | Create | Fishing Ship |
| 23:10 | Create | Fishing Ship |
| 23:25 | Create | Villager (Male) |
| 23:34 | Build | Mining Camp |
| 23:39 | Research | Gold Shaft Mining |
| 24:09 | Create | Villager (Male) |
| 24:30 | Create | Villager (Male) |
| 24:34 | Create | Villager (Male) |
| 24:35 | Create | Villager (Male) |
| 24:35 | Create | Villager (Male) |
| 24:35 | Create | Villager (Male) |
| 24:47 | Create | War Wagon |
| 24:48 | Create | War Wagon |
| 25:07 | Build | Castle |
| 25:17 | Create | War Wagon |
| 25:29 | Create | Villager (Male) |
| 25:29 | Create | Villager (Male) |
| 25:36 | Create | Fishing Ship |
| 25:37 | Create | Fishing Ship |
| 25:43 | Build | House |
| 25:44 | Build | House |
| 25:44 | Build | House |
| 25:45 | Build | House |
| 25:45 | Build | House |
| 25:45 | Build | House |
| 25:45 | Build | House |
| 25:46 | Build | House |
| 25:46 | Build | House |
| 25:46 | Build | House |
| 25:47 | Build | House |
| 25:59 | Research | Scale Barding Armor |
| 26:00 | Research | Scale Barding Armor |
Build order — Popy / Ivain
61 actions detected in the replay
| 1:04 | Build | House |
| 1:05 | Build | House |
| 1:16 | Build | Town Center |
| 1:58 | Build | Dock |
| 3:52 | Create | Villager (Male) |
| 3:52 | Create | Villager (Male) |
| 3:52 | Create | Villager (Male) |
| 3:53 | Create | Villager (Male) |
| 3:53 | Create | Villager (Male) |
| 3:53 | Create | Villager (Male) |
| 3:53 | Create | Villager (Male) |
| 6:05 | Create | Fishing Ship |
| 6:05 | Create | Fishing Ship |
| 6:19 | Create | Villager (Male) |
| 6:19 | Create | Villager (Male) |
| 6:31 | Create | Fishing Ship |
| 6:31 | Create | Fishing Ship |
| 7:13 | Create | Villager (Male) |
| 7:13 | Create | Villager (Male) |
| 7:28 | Create | Fishing Ship |
| 7:28 | Create | Fishing Ship |
| 7:36 | Build | House |
| 7:45 | Create | Villager (Male) |
| 7:46 | Create | Villager (Male) |
| 7:47 | Research | Loom |
| 8:12 | Create | Villager (Male) |
| 8:12 | Create | Villager (Male) |
| 8:48 | Create | Fishing Ship |
| 9:15 | Create | Villager (Male) |
| 9:15 | Create | Villager (Male) |
| 9:16 | Create | Villager (Male) |
| 9:16 | Create | Villager (Male) |
| 9:16 | Create | Villager (Male) |
| 9:45 | Build | House |
| 9:49 | Build | House |
| 10:30 | Create | Fishing Ship |
| 11:05 | Create | Villager (Male) |
| 11:06 | Create | Fishing Ship |
| 11:54 | Create | Villager (Male) |
| 11:56 | Create | Villager (Male) |
| 12:02 | Build | Mining Camp |
| 12:15 | Build | Mill |
| 12:46 | Research | Feudal Age |
| 13:35 | Create | Villager (Male) |
| 13:35 | Create | Villager (Male) |
| 13:35 | Create | Villager (Male) |
| 14:25 | Build | House |
| 14:27 | Build | House |
| 14:56 | Age | Feudal Age |
| 15:06 | Build | Blacksmith |
| 15:50 | Create | Villager (Male) |
| 16:02 | Build | Market |
| 16:33 | Create | Villager (Male) |
| 16:45 | Build | Mining Camp |
| 16:48 | Research | Castle Age |
| 17:49 | Build | Barracks |
| 19:05 | Research | Wheelbarrow |
| 19:32 | Build | Lumber Camp |
| 19:41 | Age | Castle Age |
| 20:46 | Build | Town Center |
| 21:50 | Build | Town Center |
Match timeline
| 1:19 | Kristoffer · first_building Dock |
| 1:35 | 帅气的孔 · first_building Dock |
| 1:43 | 我种田你顶住 · first_building Dock |
| 1:58 | Popy / Ivain · first_building Dock |
| 2:01 | Carot · first_building Dock |
| 2:34 | Carot · wall_segment Palisade Wall x1 |
| 2:36 | Carot · wall_segment Palisade Wall x1 |
| 3:00 | Arigatomas · first_building Dock |
| 8:32 | adriancornejo84 · wall_segment Palisade Wall x5 |
| 8:45 | Arigatomas · wall_segment Palisade Wall x7 |
| 10:40 | adriancornejo84 · wall_segment Palisade Wall x8 |
| 10:45 | Bayezid IV · first_building Barracks |
| 10:47 | Arigatomas · wall_segment Palisade Wall x8 |
| 11:33 | Kristoffer · wall_segment Palisade Wall x1 |
| 11:37 | Kristoffer · wall_segment Palisade Wall x1 |
| 11:39 | Kristoffer · wall_segment Palisade Wall x1 |
| 11:40 | Kristoffer · wall_segment Palisade Wall x1 |
| 11:48 | Kristoffer · wall_segment Palisade Wall x1 |
| 11:49 | Kristoffer · wall_segment Palisade Wall x1 |
| 11:53 | Kristoffer · wall_segment Palisade Wall x1 |
| 11:54 | Kristoffer · wall_segment Palisade Wall x1 |
| 12:08 | Arigatomas · wall_segment Palisade Wall x10 |
| 12:33 | Arigatomas · wall_segment Palisade Wall x1 |
| 12:41 | Arigatomas · wall_segment Palisade Wall x1 |
| 12:42 | Carot · wall_segment Palisade Wall x1 |
| 12:53 | Arigatomas · wall_segment Palisade Wall x9 |
| 13:02 | 我种田你顶住 · age_up feudal |
| 13:35 | Carot · wall_segment Palisade Wall x2 |
| 13:40 | Arigatomas · wall_segment Palisade Wall x1 |
| 13:54 | Bayezid IV · first_building Dock |
| 13:57 | Carot · age_up feudal |
| 14:16 | 帅气的孔 · age_up feudal |
| 14:30 | Arigatomas · age_up feudal |
| 14:40 | Carot · wall_segment Palisade Wall x4 |
| 14:51 | 帅气的孔 · first_building Stable |
| 14:53 | Bayezid IV · wall_segment Palisade Wall x6 |
| 14:55 | Bayezid IV · wall_segment Palisade Wall x5 |
| 14:56 | Popy / Ivain · age_up feudal |
| 14:58 | Bayezid IV · wall_segment Palisade Wall x3 |
| 15:01 | Bayezid IV · wall_segment Palisade Wall x7 |
| 15:17 | adriancornejo84 · age_up feudal |
| 15:57 | Kristoffer · first_building Barracks |
| 16:23 | adriancornejo84 · wall_segment Palisade Wall x1 |
| 16:31 | adriancornejo84 · wall_segment Palisade Wall x7 |
| 16:32 | Kristoffer · age_up feudal |
| 16:41 | adriancornejo84 · wall_segment Palisade Wall x13 |
| 16:42 | Bayezid IV · age_up feudal |
| 16:45 | Arigatomas · wall_segment Palisade Wall x16 |
| 17:23 | Bayezid IV · wall_segment Palisade Wall x9 |
| 17:30 | Carot · first_building Barracks |
| 17:35 | 我种田你顶住 · age_up castle |
| 17:40 | 我种田你顶住 · first_building Castle |
| 17:49 | Popy / Ivain · first_building Barracks |
| 18:18 | Carot · wall_segment Palisade Wall x1 |
| 18:25 | Arigatomas · wall_segment Palisade Wall x1 |
| 18:40 | 帅气的孔 · age_up castle |
| 18:44 | Arigatomas · wall_segment Palisade Wall x2 |
| 18:49 | Carot · first_building Archery Range |
| 19:14 | adriancornejo84 · age_up castle |
| 19:41 | Popy / Ivain · age_up castle |
| 20:33 | Kristoffer · first_building Archery Range |
| 21:21 | adriancornejo84 · wall_segment Stone Wall x7 |
| 21:29 | adriancornejo84 · wall_segment Stone Wall x1 |
| 21:39 | Arigatomas · age_up castle |
| 22:00 | adriancornejo84 · wall_segment Stone Wall x1 |
| 22:02 | Popy / Ivain · resign |
| 22:04 | adriancornejo84 · wall_segment Stone Wall x3 |
| 22:05 | adriancornejo84 · wall_segment Stone Wall x1 |
| 22:06 | adriancornejo84 · wall_segment Stone Wall x1 |
| 22:12 | adriancornejo84 · wall_segment Stone Wall x1 |
| 22:12 | adriancornejo84 · wall_segment Stone Wall x1 |
| 22:16 | adriancornejo84 · wall_segment Stone Wall x1 |
| 22:19 | Carot · age_up castle |
| 22:20 | adriancornejo84 · wall_segment Stone Wall x1 |
| 22:28 | adriancornejo84 · wall_segment Stone Wall x1 |
| 22:42 | Carot · first_building Monastery |
| 22:55 | adriancornejo84 · wall_segment Stone Wall x10 |
| 23:01 | Bayezid IV · first_building Archery Range |
| 23:26 | Carot · first_building Siege Workshop |
| 24:17 | adriancornejo84 · wall_segment Stone Wall x1 |
| 25:06 | 帅气的孔 · first_building Castle |
| 25:20 | adriancornejo84 · wall_segment Stone Wall x5 |
| 25:27 | Kristoffer · wall_segment Palisade Wall x1 |
| 25:36 | Kristoffer · wall_segment Palisade Wall x2 |
| 26:52 | Kristoffer · wall_segment Palisade Wall x3 |
| 26:55 | adriancornejo84 · first_market_buy 100 stone |
| 26:57 | Kristoffer · wall_segment Palisade Wall x1 |
| 27:42 | 我种田你顶住 · first_building Barracks |
| 27:53 | adriancornejo84 · first_building Castle |
| 28:41 | 我种田你顶住 · first_building Stable |
| 29:00 | 我种田你顶住 · first_market_buy 100 food |
| 29:05 | 我种田你顶住 · first_market_sell 100 wood |
[ AI ANALYSIS · 1 CREDIT ]
What really happened in this match?
Wolo.gg analyzes every decision: build order, eco, micro, common mistakes by bracket. Personalized analysis on WhatsApp or Discord in 30 seconds.
Civ guide
Khitans
Perfil
Bayezid IV